 Dungeon Crawl Stone Soup version 0.31-a0-698-g4a7cf283bb (webtiles) character file.

Game seed: 18022158314568304299

137 qw the Shooter (level 5, 0/32 HPs)
             Began as a Gargoyle Hunter on Sept 7, 2023.
             Slain by a black bear (10 damage)
             ... on level 4 of the Dungeon.
             The game lasted 00:00:55 (2012 turns).

qw the Shooter (Gargoyle Hunter)                    Turns: 2012, Time: 00:00:56

Health: 0/32       AC: 13    Str: 15    XL:     5   Next: 20%
Magic:  5/5        EV: 11    Int:  9    God:
Gold:   143        SH:  0    Dex: 15    Spells: 4/4 levels left

rFire   . . .        Y - +0 shortbow
rCold   . . .        (shield currently unavailable)
rNeg    + . .        e - +0 ring mail
rPois   inf          (no helmet)
rElec   +            (no cloak)
rCorr   .            (no gloves)
SInv    +            (no boots)
Will    .....        (no amulet)
Stlth   +            d - ring of see invisible
HPRegen 0.25/turn    g - +4 ring of protection
MPRegen 0.09/turn

%: no passive effects
@: no status effects
A: sickness immunity, AC +4, negative energy resistance 1, electricity
resistance, torment resistance 1, petrification resistance
a: no special abilities


You were on level 4 of the Dungeon.
You visited 1 branch of the dungeon, and saw 4 of its levels.

You collected 143 gold pieces.


Innate Abilities, Weirdness & Mutations

You are immune to sickness and miasma.
Your stone body is resilient. (AC +4)
You are immune to poison.
You resist negative energy. (rN+)
You are resistant to electric shocks. (rElec)
You are resistant to unholy torment.
You are immune to petrification.


   Skills:
 - Level 3.0 Fighting
 + Level 5.8 Ranged Weapons
 - Level 1.3 Armour
 - Level 1.5 Dodging
 - Level 1.1 Stealth


You had 4 spell levels left.
You didn't know any spells.
Your spell library was empty.

Inventory:

Hand Weapons
 Y - a +0 shortbow (weapon)
Armour
 e - a +0 ring mail (worn)
Jewellery
 d - a ring of see invisible (left hand)
 g - a +4 ring of protection (right hand)
Scrolls
 a - a scroll of amnesia {unknown}
 c - a scroll of identify
Potions
 h - a potion of curing
 i - a potion of enlightenment

Dungeon Overview and Level Annotations

Branches:
Dungeon (4/15)
 Temple: D:4-7

Altars:
Nemelex Xobeh
Trog
Zin


Message History

2001 ||| RETREATING.
Enter note:
2002 |||
Found retreat position at 1,0 (floor) with 0 blocking monsters and 1 monsters attacking at destination at distance 1 The orc priest looks encouraged for a moment.
You see here a book of Callings.
Enter note: You shoot an arrow.
The arrow hits the orc priest!
You kill the orc priest!
You have reached level 5!
You shoot an arrow. The arrow hits the orc wizard.
The orc wizard is moderately wounded.
The orc wizard points at you and mumbles some strange words.
The puff of flame hits you!
You shoot an arrow. The arrow hits the black bear.
The black bear is lightly wounded.
You shoot an arrow.
The arrow closely misses the orc wizard.
You shoot an arrow.
The arrow closely misses the black bear.
The arrow barely misses the orc wizard.
You shoot an arrow. The arrow hits the black bear.
The black bear is moderately wounded.
You shoot an arrow. The arrow hits the black bear!
The black bear is severely wounded.
The black bear bites you but does no damage.
The black bear claws you but does no damage. x2
You shoot an arrow. The arrow barely misses the black bear.
The arrow hits the orc wizard.
The orc wizard is heavily wounded.
The black bear barely misses you. The black bear claws you.
The black bear barely misses you.
You shoot an arrow. The arrow hits the black bear.
The black bear is almost dead.
The black bear goes berserk!
The black bear closely misses you. The black bear claws you.
The black bear barely misses you.
You shoot an arrow.
The arrow hits the black bear but does no damage.
The black bear is almost dead.
The black bear bites you!
You die...

...........#..........
........)... .........
........##.. ....>....
........##<###........
.......###%##.........
.......###..)...)..... .
...>...##..###.###......
...........#...####.....
.............)oh@...#
######..###.#######..# #
#..##..# ..# # #......##
. .....## ..#...#
..#.###


You could see a black bear (berserk) and an orc wizard (invisible).

Vanquished Creatures
  An orc priest (D:4)
  3 adders
  A worm (D:3)
  4 dart slugs
  5 orcs
  5 ball pythons
  7 endoplasms
  4 giant cockroaches
  A hobgoblin (D:1)
  4 jackals (D:1)
  4 quokkas
  7 bats
  7 frilled lizards
  4 goblins
  3 kobolds (D:1)
  4 rats (D:1)
64 creatures vanquished.

Notes
Turn   | Place    | Note
-------+----------+-------------------------------------------
     0 | D:1      | qw the Gargoyle Hunter began the quest for the Orb.
     0 | D:1      | Reached XP level 1. HP: 12/12 MP: 1/1
     0 | D:1      | 0 ||| qw: Version: 0.3-a-76-g4403597
     0 | D:1      | 0 ||| qw: Game counter: 381
     0 | D:1      | 0 ||| qw: Melee chars always use a shield: true
     0 | D:1      | 0 ||| qw: God list: Okawaru
     0 | D:1      | 0 ||| qw: Allow faded altars: false
     0 | D:1      | 0 ||| qw: Do Orc after clearing Dungeon:15 true
     0 | D:1      | 0 ||| qw: Do second Lair branch before Depths: true
     0 | D:1      | 0 ||| qw: Lair rune preference: random
     0 | D:1      | 0 ||| qw: Goals: Normal
     0 | D:1      | 0 ||| PLANNING D:1-11
   187 | D:1      | Reached XP level 2. HP: 17/17 MP: 2/2
   477 | D:1      | Reached XP level 3. HP: 21/21 MP: 3/3
   480 | D:1      | Reached skill level 5 in Ranged Weapons
   740 | D:1      | 740 ||| UPGRADING to +0 ring mail.
   750 | D:1      | 750 ||| DROPPING +0 leather armour.
   751 | D:1      | 751 ||| UPGRADING to ring of see invisible.
   752 | D:1      | 752 ||| READING scroll labelled ETRIXZ ISUICY.
   753 | D:1      | 753 ||| READING scroll labelled SEIGRY FUEG.
   754 | D:1      | 754 ||| DROPPING scroll of butterflies.
   776 | D:2      | 776 ||| STAIRDANCE
   801 | D:2      | Found a bloodstained altar of Trog.
   884 | D:2      | Reached skill level 1 in Armour
   921 | D:2      | Reached XP level 4. HP: 27/27 MP: 4/4
  1036 | D:2      | Found a faded altar of an unknown god.
  1048 | D:2      | You fall into a shaft and drop 1 floor!
  1096 | D:3      | Found a sparkling altar of Nemelex Xobeh.
  1116 | D:3      | 1116 ||| UPGRADING to +4 ring of protection.
  1117 | D:3      | 1117 ||| READING scroll labelled WUAVUCHELAU.
  1118 | D:3      | 1118 ||| READING scroll labelled OMMUTI JUSEEQU.
  1119 | D:3      | 1119 ||| READING scroll labelled PIOKIU ULOF.
  1122 | D:3      | 1122 ||| FLEEEEING.
  1123 | D:3      | 1123 ||| FLEEEEING.
  1125 | D:3      | 1125 ||| FLEEEEING.
  1126 | D:3      | 1126 ||| FLEEEEING.
  1127 | D:3      | 1127 ||| FLEEEEING.
  1128 | D:3      | 1128 ||| STAIRDANCE
  1166 | D:2      | Reached skill level 3 in Fighting
  1308 | D:2      | 1308 ||| READING 2 scrolls labelled XUCIME BAUF.
  1309 | D:2      | 1309 ||| DRINKING 2 metallic puce potions.
  1310 | D:2      | 1310 ||| DROPPING scroll of revelation.
  1541 | D:3      | Found a glowing silver altar of Zin.
  1883 | D:3      | 1883 ||| DROPPING ring of flight.
  1884 | D:3      | 1884 ||| READING scroll labelled WEIRUG UTEOLI.
  1885 | D:3      | 1885 ||| READING 3 scrolls of identify.
  1885 | D:3      | 1885 ||| IDENTIFYING bubbling sapphire potion
  1886 | D:3      | 1886 ||| READING 2 scrolls of identify.
  1886 | D:3      | 1886 ||| IDENTIFYING grey potion
  1887 | D:3      | 1887 ||| DROPPING potion of magic.
  1953 | D:4      | 1953 ||| RETREATING.
  2000 | D:4      | Noticed a black bear
  2001 | D:4      | 2001 ||| RETREATING.
  2004 | D:4      | Reached XP level 5. HP: 23/32 MP: 5/5
  2012 | D:4      | Slain by a black bear

Levels and vault maps discovered:
D:1:      reono_arrival_forest_river, layout_basic, interstate_on_off,
          st_stairs_12
D:2:      minmay_angry_zag, layout_rooms,
          hellmonk_ecumenical_altar_heavens_door, basic_altar
D:3:      layout_loops_ring, mainiacjoe_overflow_24_doors,
          nemelex_diamond_rough_becter, chequers_mini_garden,
          dreamdust_princess_bridge
D:4:      layout_rooms, minmay_pentomino_pile

Skill      XL: |  1  2  3  4 |
---------------+-------------+-----
Ranged Weapons | 5 |  5.8
Armour         | 1 |  1.3
Fighting       | 3 |  3.0
Dodging        | |  1.5
Stealth        | |  1.1

Action                     |  1- 3 |  4- 6 || total
---------------------------+-------+-------++-------
   Fire: Shortbow          |   122 |    92 ||   214
    Use: Scroll            |     2 |     7 ||     9
         Potion            |       |     1 ||     1
 Armour: Leather armour    |    45 |       ||    45
         Ring mail         |    14 |    27 ||    41
  Dodge: Dodged            |    47 |    23 ||    70

Table legend:
 A = Non-vault XP
 B = Vault XP
 C = Vault XP percentage of total XP
 D = Non-vault monster count
 E = Vault monster count
 F = Vault count percentage of total count
                 A         B        C        D         E       F
            +---------+---------+-------+---------+---------+-------
      Total |     186 |      10 |   5.1 |      57 |       7 |  10.9
            +---------+---------+-------+---------+---------+-------
        D:1 |      53 |       1 |   1.9 |      31 |       1 |   3.1
        D:2 |      38 |       9 |  19.1 |       7 |       6 |  46.2
        D:3 |      37 |       0 |   0.0 |      12 |       0 |   0.0
        D:4 |      58 |       0 |   0.0 |       7 |       0 |   0.0
            +---------+---------+-------+---------+---------+-------
